[Event "Titled Tuesday Blitz March 21 Late 2023"]
[White "Oliveira, Tiago Batista"]
[Black "Einarsson, Halldor Gretar"]
[WhiteFideId "2108291"]
[BlackFideId "2300150"]
[WhiteElo "1962"]
[BlackElo "2142"]
[Result "0-1"]
[Round "09"]
[TimeControl "180+2"]
[Date "2023.03.21"]
[WhiteClock "0:00:07"]
[BlackClock "0:01:16"]

1. d4 Nf6 2. c4 g6 3. Nc3 d5 4. cxd5 Nxd5 5. e4 Nxc3 6. bxc3 Bg7 7. Be3 c5 8. Rc1 Qa5 9. Qd2 cxd4 10. cxd4 Qxd2+ 11. Kxd2 O-O 12. d5 f5 13. f3 Nd7 14. Bc4 Kh8 15. Ne2 Ne5 16. Bb3 fxe4 17. fxe4 Ng4 18. Bc5 Bh6+ 19. Kc2 Bxc1 20. Nxc1 Bd7 21. h3 Rac8 22. hxg4 Rxc5+ 23. Kd3 Bxg4 24. Re1 Rfc8 25. e5 Rxc1 0-1


[Site "https://www.chess.com"]

[Event "Titled Tuesday Blitz March 21 Late 2023"]
[White "salgadoLO"]
[Black "Vaglio Munoz, Jaime"]
[BlackFideId "6500145"]
[WhiteElo "2189"]
[BlackElo "2199"]
[Result "0-1"]
[Round "09"]
[TimeControl "180+2"]
[Date "2023.03.21"]
[WhiteClock "0:00:03"]
[BlackClock "0:00:20"]

1. d4 c6 2. Nf3 g6 3. e4 Bg7 4. Nc3 d5 5. h3 dxe4 6. Nxe4 Nd7 7. Bd3 Ngf6 8. O-O Nxe4 9. Bxe4 Nf6 10. Bd3 O-O 11. c3 Be6 12. Bf4 Bd5 13. Re1 Bxf3 14. Qxf3 Nd5 15. Bd2 e6 16. Rad1 Qf6 17. Qxf6 Bxf6 18. Be4 Rfd8 19. g3 Kg7 20. Kg2 a5 21. Bf3 b5 22. g4 h6 23. Kg3 g5 24. Bxd5 cxd5 25. f4 b4 26. h4 gxh4+ 27. Kh3 bxc3 28. bxc3 Rab8 29. Rb1 a4 30. g5 hxg5 31. fxg5 Be7 32. Bf4 Rbc8 33. Re3 Rd7 34. Kxh4 Kg6 35. Kg4 a3 36. Rh3 Bf8 37. Be5 Bg7 38. Bxg7 Kxg7 39. Rbh1 Rdc7 40. Rh7+ Kf8 41. Rh8+ Ke7 42. Rxc8 Rxc8 43. Rh3 Rb8 44. g6 fxg6 45. Kg5 Rb2 46. Kxg6 Rg2+ 47. Kh7 Rxa2 48. Rg3 Rh2+ 49. Kg7 a2 50. Rg1 Rg2+ 51. Rxg2 a1=Q 52. Rf2 Qg1+ 0-1


[Site "https://www.chess.com"]

[Event "Titled Tuesday Blitz March 21 Late 2023"]
[White "Gerbelli Neto, Eduardo"]
[Black "Li, Hui"]
[WhiteFideId "2103281"]
[BlackFideId "15400310"]
[WhiteElo "2178"]
[BlackElo "1967"]
[Result "1-0"]
[Round "09"]
[TimeControl "180+2"]
[Date "2023.03.21"]
[WhiteClock "0:00:12"]
[BlackClock "0:00:01"]

1. e4 e5 2. Nf3 Nf6 3. Nc3 Nc6 4. d4 exd4 5. Nxd4 Bb4 6. Nxc6 bxc6 7. Bd3 O-O 8. Bg5 d5 9. e5 Re8 10. f4 h6 11. Bxf6 Qxf6 12. O-O Qh4 13. Qf3 Bg4 14. Qg3 Qxg3 15. hxg3 Bc5+ 16. Kh2 Rab8 17. Rab1 Bd4 18. Na4 Bd7 19. c3 Be3 20. b4 g5 21. Nc5 Bxc5 22. bxc5 Kg7 23. Rb4 a5 24. Ra4 Rb2 25. Rxa5 Rd2 26. Rf3 Rb8 27. Ra7 Rbb2 28. Bf1 Bf5 29. fxg5 Be4 30. gxh6+ Kxh6 31. Rf6+ Kg5 32. Rxf7 Bxg2 33. Bxg2 Rxg2+ 34. Kh1 Rgc2 35. Kg1 Rc1+ 36. Rf1 Rcc2 37. Rf7 Rc1+ 38. Rf1 Rxc3 39. Rf7 Rxg3+ 40. Kf1 Rh3 41. Kg1 Rc3 42. Rf1 Rcc2 43. Rf7 Rc1+ 44. Rf1 Rxc5 45. Rxc7 Rxa2 46. Rg7+ Kh6 47. Rg3 Rc4 48. Rf6+ Kh7 49. Rf5 1-0


[Site "https://www.chess.com"]

[Event "Titled Tuesday Blitz March 21 Late 2023"]
[White "lluiss"]
[Black "rionelG"]
[WhiteElo "2174"]
[BlackElo "2252"]
[Result "1-0"]
[Round "09"]
[TimeControl "180+2"]
[Date "2023.03.21"]
[WhiteClock "0:01:36"]
[BlackClock "0:00:49"]

1. Nf3 Nf6 2. c4 g6 3. g3 Bg7 4. Bg2 O-O 5. O-O d6 6. d4 Nc6 7. Nc3 a6 8. h3 Rb8 9. Be3 b5 10. cxb5 axb5 11. d5 Na5 12. b4 Nc4 13. Bd4 e5 14. dxe6 fxe6 15. Qb3 e5 16. Ba7 Ra8 17. Nxb5 Be6 18. Ng5 Qd7 19. Nxe6 Qxb5 20. Nxc7 Qa6 21. Nxa6 1-0


[Site "https://www.chess.com"]

[Event "Titled Tuesday Blitz March 21 Late 2023"]
[White "Prieto Aranguren, Alain"]
[Black "Barria Santos, Jose Guilherme"]
[WhiteFideId "2268906"]
[BlackFideId "1939300"]
[WhiteElo "2209"]
[BlackElo "2301"]
[Result "1-0"]
[Round "09"]
[TimeControl "180+2"]
[Date "2023.03.21"]
[WhiteClock "0:00:40"]
[BlackClock "0:00:06"]

1. e4 c5 2. d3 d6 3. Be3 e6 4. Nh3 g6 5. Ng5 Bg7 6. h4 Bxb2 7. Nd2 Bxa1 8. Qxa1 Qf6 9. Qc1 Nc6 10. Nc4 Qe7 11. h5 Nf6 12. Qb2 e5 13. h6 Ng4 14. Bd2 Nd4 15. f3 Nf6 16. Nh3 Be6 17. Ne3 Qd7 18. Ng5 Qb5 19. Qc1 Bxa2 20. c3 Nb3 21. Qb2 Qa4 22. d4 a6 23. Bc4 O-O 24. dxe5 dxe5 25. Nd5 Nxd5 26. Bxd5 Rab8 27. Be3 b5 28. O-O c4 29. f4 exf4 30. Rxf4 Kh8 31. Nxf7+ Rxf7 32. Rxf7 Qa5 33. Qf2 Qd8 34. Bd4+ 1-0


[Site "https://www.chess.com"]

[Event "Titled Tuesday Blitz March 21 Late 2023"]
[White "Stanisz, Patryk"]
[Black "Picard, Romain"]
[WhiteFideId "1123106"]
[BlackFideId "627216"]
[WhiteElo "2069"]
[BlackElo "2225"]
[Result "1-0"]
[Round "09"]
[TimeControl "180+2"]
[Date "2023.03.21"]
[WhiteClock "0:00:11"]
[BlackClock "0:00:01"]

1. d4 Nf6 2. c4 g6 3. Nc3 d5 4. Nf3 Bg7 5. Qb3 dxc4 6. Qxc4 O-O 7. Bf4 Bf5 8. e3 Ne4 9. Be2 Nxc3 10. bxc3 Nc6 11. O-O Be4 12. Rfd1 e6 13. Nd2 Bd5 14. Qd3 e5 15. Bg3 exd4 16. cxd4 Na5 17. Rac1 c6 18. Qa3 Re8 19. Rb1 Bf8 20. Qc3 b6 21. f3 Bg7 22. Bf2 c5 23. dxc5 Bxc3 24. Ne4 Bg7 25. cxb6 axb6 26. Ng3 Ra7 27. e4 Rd7 28. Bxb6 Qa8 29. exd5 1-0


[Site "https://www.chess.com"]

[Event "Titled Tuesday Blitz March 21 Late 2023"]
[White "Stead, Kerry"]
[Black "Fernandez Hernandez, Gerardo"]
[WhiteFideId "3202577"]
[BlackFideId "2207400"]
[WhiteElo "1997"]
[BlackElo "2206"]
[Result "0-1"]
[Round "09"]
[TimeControl "180+2"]
[Date "2023.03.21"]
[WhiteClock "0:00:07"]
[BlackClock "0:00:39"]

1. d4 Nf6 2. f3 d5 3. e4 e6 4. Be3 c5 5. c3 Nc6 6. e5 Nd7 7. Bd3 Qb6 8. Qd2 cxd4 9. cxd4 Nxd4 10. f4 Bc5 11. Nc3 Nc2+ 12. Qxc2 Bxe3 13. Nh3 g6 0-1


[Site "https://www.chess.com"]

[Event "Titled Tuesday Blitz March 21 Late 2023"]
[White "Clawitter, Craig"]
[Black "Marcolino, Daniel Mattos"]
[WhiteFideId "2023105"]
[BlackFideId "2106841"]
[WhiteElo "2215"]
[BlackElo "2090"]
[Result "1-0"]
[Round "09"]
[TimeControl "180+2"]
[Date "2023.03.21"]
[WhiteClock "0:00:06"]
[BlackClock "0:00:01"]

1. e4 c6 2. d4 d5 3. e5 c5 4. Nf3 cxd4 5. Qxd4 Nc6 6. Bb5 e6 7. c4 Ne7 8. cxd5 Nxd5 9. Bxc6+ bxc6 10. Nc3 Qb6 11. O-O Bc5 12. Qg4 Nxc3 13. bxc3 g6 14. Bh6 Ba6 15. Rfd1 Bxf2+ 16. Kh1 Be2 17. Rd2 Bxf3 18. Qxf3 Bc5 19. Qf6 Rg8 20. Rad1 Be7 21. Qf4 Rd8 22. h3 Rxd2 23. Qxd2 Qc7 24. Bg5 Bxg5 25. Qxg5 h5 26. Rd6 Qe7 27. Qd2 Kf8 28. Qh6+ Ke8 29. Qd2 Kf8 30. Rxc6 Kg7 31. Qf4 Rd8 32. Kh2 Rd5 33. c4 Rd7 34. c5 Qd8 35. Rd6 Qc7 36. Qd4 Rxd6 37. exd6+ e5 38. Qxe5+ f6 39. Qxf6+ Kxf6 40. dxc7 1-0


[Site "https://www.chess.com"]

[Event "Titled Tuesday Blitz March 21 Late 2023"]
[White "Kramnik, Vladimir"]
[Black "Gholami Orimi, Mahdi"]
[WhiteFideId "4101588"]
[BlackFideId "12558486"]
[WhiteElo "2712"]
[BlackElo "2363"]
[Result "1-0"]
[Round "10"]
[TimeControl "180+2"]
[Date "2023.03.21"]
[WhiteClock "0:00:13"]
[BlackClock "0:00:05"]

1. c4 e5 2. Nc3 f5 3. d4 d6 4. g3 exd4 5. Qxd4 Nc6 6. Qe3+ Qe7 7. Nd5 Qxe3 8. Bxe3 Kd8 9. Nf3 Nge7 10. Ng5 Ne5 11. Rc1 h6 12. f4 hxg5 13. fxe5 dxe5 14. Rd1 Bd7 15. Bxg5 c6 16. Nc3 Kc7 17. h4 Nc8 18. e4 Nd6 19. Bd3 Re8 20. O-O fxe4 21. Nxe4 Nxe4 22. Bxe4 Bc5+ 23. Kg2 Ref8 24. b3 Bg4 25. Rde1 Bb4 26. Rc1 Ba3 27. Rb1 a5 28. Be3 Bb4 29. Bf3 Bf5 30. Rbd1 Bc2 31. Rc1 Bd3 32. Rf2 e4 33. Be2 Rxf2+ 34. Kxf2 Rf8+ 35. Bf4+ Bd6 36. Bxd3 Bxf4 37. gxf4 exd3 38. Ke3 d2 39. Rg1 Rd8 40. Rd1 Rh8 41. Rxd2 Rxh4 42. Rg2 Rh7 43. Ke4 Kd6 44. Kf5 Ke7 45. Re2+ Kf7 46. Rd2 g6+ 47. Ke5 Rh5+ 48. Kd6 Rf5 49. Kc7 b5 50. Kxc6 bxc4 51. bxc4 Rxf4 52. c5 g5 53. Kb6 Rg4 54. c6 a4 55. c7 Rc4 56. Rd5 g4 57. Rc5 Rxc5 58. Kxc5 g3 59. c8=Q g2 60. Qg4 1-0


[Site "https://www.chess.com"]

[Event "Titled Tuesday Blitz March 21 Late 2023"]
[White "Svane, Rasmus"]
[Black "Carlsen, Magnus"]
[WhiteFideId "4657101"]
[BlackFideId "1503014"]
[WhiteElo "2597"]
[BlackElo "2852"]
[Result "1/2-1/2"]
[Round "10"]
[TimeControl "180+2"]
[Date "2023.03.21"]
[WhiteClock "0:00:08"]
[BlackClock "0:00:09"]

1. Nf3 Nf6 2. g3 b6 3. Bg2 Bb7 4. O-O g6 5. d4 Bg7 6. c4 O-O 7. Re1 e6 8. Bf4 d6 9. Qc2 Nc6 10. Nc3 h6 11. e4 g5 12. Be3 Ng4 13. Rad1 Nxe3 14. fxe3 Ne7 15. e5 Qd7 16. Nxg5 hxg5 17. Bxb7 Rad8 18. exd6 cxd6 19. Bg2 f5 20. Qa4 Qxa4 21. Nxa4 Rd7 22. b3 Rc8 23. Nb2 b5 24. Rc1 bxc4 25. Rxc4 d5 26. Rxc8+ Nxc8 27. Rc1 Nd6 28. Nd3 Kf7 29. Kf2 Ne4+ 30. Ke2 Bf6 31. Rc6 g4 32. b4 Rb7 33. a4 Be7 34. b5 Nd6 35. Nc5 Rb8 36. Rc7 Ra8 37. Kd3 Ne8 38. Rc6 Nd6 39. Ra6 Rh8 40. Rxa7 Rxh2 41. Bf1 Nc4 42. a5 Rb2 43. b6 Nxa5 44. Rxa5 Rxb6 45. Be2 Rc6 46. Kd2 Bd6 47. Ra7+ Rc7 48. Rxc7+ Bxc7 49. Ba6 e5 50. Bc8 exd4 51. exd4 Kf6 52. Nd7+ Ke7 53. Ne5 Kf6 54. Nd7+ Ke7 55. Nc5 Kf6 56. Bb7 Bxg3 57. Bxd5 Bd6 58. Nd3 f4 59. Ke2 Kf5 60. Bc6 Be7 61. Bd7+ Ke4 62. Nf2+ Kxd4 63. Nxg4 Bd6 64. Kf3 Kd5 65. Bf5 Kd4 66. Be4 Kc5 67. Nf6 Kd4 68. Nh5 Be5 69. Nxf4 Bxf4 1/2-1/2


[Site "https://www.chess.com"]

[Event "Titled Tuesday Blitz March 21 Late 2023"]
[White "Erigaisi Arjun"]
[Black "Firouzja, Alireza"]
[WhiteFideId "35009192"]
[BlackFideId "12573981"]
[WhiteElo "2737"]
[BlackElo "2904"]
[Result "0-1"]
[Round "10"]
[TimeControl "180+2"]
[Date "2023.03.21"]
[WhiteClock "0:00:13"]
[BlackClock "0:00:16"]

1. c4 Nf6 2. Nc3 e5 3. Nf3 Nc6 4. e3 Bb4 5. Nd5 e4 6. Nxb4 Nxb4 7. Nd4 O-O 8. a3 Nc6 9. Nxc6 dxc6 10. b3 Bf5 11. Bb2 Qe7 12. Be2 Rad8 13. g4 Bc8 14. h4 Rfe8 15. h5 h6 16. g5 hxg5 17. h6 g6 18. Qc2 Nh7 19. c5 f6 20. O-O-O Bf5 21. b4 Kh8 22. Bc3 Rd7 23. Kb2 Qf7 24. d3 exd3 25. Bxd3 Bxd3 26. Rxd3 Red8 27. Rhd1 Nf8 28. f4 Rxd3 29. Rxd3 Rxd3 30. Qxd3 gxf4 31. exf4 Kh7 32. f5 g5 33. Qd8 Kxh6 34. Bxf6 Nh7 35. Be5 Qxf5 36. Qxc7 Nf6 37. Qd6 Kg6 38. a4 a6 39. b5 axb5 40. axb5 cxb5 41. Ka3 g4 42. Kb4 Kg5 43. Kxb5 Qb1+ 44. Ka5 Qa2+ 45. Kb6 Qa6+ 46. Kc7 Ne8+ 0-1


[Site "https://www.chess.com"]

[Event "Titled Tuesday Blitz March 21 Late 2023"]
[White "Sjugirov, Sanan"]
[Black "Sargsyan, Shant"]
[WhiteFideId "4189302"]
[BlackFideId "13306766"]
[WhiteElo "2569"]
[BlackElo "2628"]
[Result "1-0"]
[Round "10"]
[TimeControl "180+2"]
[Date "2023.03.21"]
[WhiteClock "0:00:20"]
[BlackClock "0:00:03"]

1. e4 e5 2. Nf3 Nc6 3. Bb5 a6 4. Ba4 Nf6 5. O-O Be7 6. Re1 b5 7. Bb3 O-O 8. d3 d6 9. c3 Na5 10. Bc2 c5 11. Nbd2 Re8 12. Nf1 Bf8 13. Ng3 h6 14. h3 Nc6 15. d4 cxd4 16. cxd4 exd4 17. Nxd4 Nxd4 18. Qxd4 Bb7 19. Bf4 Rc8 20. Bb3 d5 21. e5 Bc5 22. Qd1 Ne4 23. Nxe4 dxe4 24. Qh5 Qe7 25. Rad1 Rcd8 26. Rxd8 Rxd8 27. Rc1 Bd4 28. Bxh6 gxh6 29. Qg6+ Kf8 30. Qxh6+ Ke8 31. Qh8+ Qf8 32. Qf6 Qe7 33. Qh8+ Kd7 34. e6+ fxe6 35. Qxd4+ Qd6 36. Qg7+ Qe7 37. Rc7+ Kxc7 38. Qxe7+ Rd7 39. Qxe6 1-0


[Site "https://www.chess.com"]

[Event "Titled Tuesday Blitz March 21 Late 2023"]
[White "Fedoseev, Vladimir"]
[Black "Bluebaum, Matthias"]
[WhiteFideId "24130737"]
[BlackFideId "24651516"]
[WhiteElo "2752"]
[BlackElo "2638"]
[Result "1-0"]
[Round "10"]
[TimeControl "180+2"]
[Date "2023.03.21"]
[WhiteClock "0:00:32"]
[BlackClock "0:00:01"]

1. e4 e6 2. d4 d5 3. e5 c5 4. c3 Nc6 5. Nf3 Nge7 6. Bd3 cxd4 7. cxd4 Nf5 8. Bxf5 exf5 9. Nc3 Be7 10. h4 O-O 11. Bg5 f6 12. exf6 Bxf6 13. O-O Bxg5 14. hxg5 f4 15. Qb3 Bg4 16. Nh2 Qxg5 17. Ne4 Qh5 18. Nxg4 Nxd4 19. Qd1 Kh8 20. Nc3 Nf5 21. Ne5 Qh6 22. Qxd5 Qf6 23. Ne4 Qe7 24. Rad1 Rae8 25. Nd7 Rf7 26. Ng5 Qxg5 27. Qxf7 Rg8 28. Qd5 h6 29. Ne5 Kh7 30. Nf3 Qf6 31. Rfe1 Rf8 32. Re5 Qg6 33. Qe4 Kh8 34. Rdd5 Nh4 35. Nxh4 1-0


[Site "https://www.chess.com"]

[Event "Titled Tuesday Blitz March 21 Late 2023"]
[White "Sarana, Alexey"]
[Black "Zierk, Steven"]
[WhiteFideId "24133795"]
[BlackFideId "2034255"]
[WhiteElo "2714"]
[BlackElo "2494"]
[Result "1-0"]
[Round "10"]
[TimeControl "180+2"]
[Date "2023.03.21"]
[WhiteClock "0:00:03"]
[BlackClock "0:00:01"]

1. d4 e6 2. c4 f5 3. Nf3 Nf6 4. g3 d5 5. Bg2 Bd6 6. b3 c6 7. O-O Qe7 8. a4 a5 9. Ba3 Bxa3 10. Nxa3 O-O 11. Nc2 b6 12. Ne3 Na6 13. Ne5 Nb4 14. Qc1 Bb7 15. f4 Rac8 16. Qb2 c5 17. cxd5 Nfxd5 18. N3c4 cxd4 19. Qxd4 Nc2 20. Qf2 Nxa1 21. Rxa1 Rfd8 22. Nxb6 Nxb6 23. Qxb6 Bxg2 24. Kxg2 Rd2 25. Re1 Rd5 26. Nc4 h5 27. e4 fxe4 28. Rxe4 Re8 29. Qc6 h4 30. Kh3 hxg3 31. hxg3 Qf7 32. Kg2 Rd3 33. Nd6 Rd2+ 34. Kf1 Rxd6 35. Qxd6 Qf5 36. Qd3 Qh3+ 37. Kg1 Kf7 38. Re2 Rh8 39. Qf3 Qf5 40. Qb7+ Kf6 41. Qe4 Qh3 42. Kf2 Qg4 43. Qf3 Qf5 44. Qc3+ Kf7 45. Qc7+ Kg6 46. Qe5 Rh2+ 47. Kf3 Qd3+ 48. Qe3 Qd1 49. Qxe6+ Kh7 50. Qf5+ Kh8 51. Qc8+ Kh7 52. Qc4 Kh8 53. f5 Qf1+ 54. Ke3 Rxe2+ 55. Qxe2 Qxf5 56. Qd3 Qe6+ 57. Kf3 Qf6+ 58. Kg4 Qe6+ 59. Kf4 Qf6+ 60. Ke3 Qe6+ 61. Kd2 Qh6+ 62. Kc2 Qc6+ 63. Kb2 Qc5 64. Qd8+ Kh7 65. Qh4+ Kg6 66. Qf4 Kh5 67. Qh4+ Kg6 68. Qg4+ Kh6 69. Qf4+ g5 70. Qf3 Qd4+ 71. Kc2 Qc5+ 72. Kd2 Qd4+ 73. Kc2 Qc5+ 74. Kd1 Qd4+ 75. Ke2 Qb2+ 76. Kf1 Qb1+ 77. Kg2 Qc2+ 78. Kh3 Qc8+ 79. g4 Qc1 80. Kg2 Qb2+ 81. Kg3 Qe5+ 82. Kh3 1-0


[Site "https://www.chess.com"]

[Event "Titled Tuesday Blitz March 21 Late 2023"]
[White "Van Foreest, Jorden"]
[Black "Dardha, Daniel"]
[WhiteFideId "1039784"]
[BlackFideId "240990"]
[WhiteElo "2633"]
[BlackElo "2581"]
[Result "1-0"]
[Round "10"]
[TimeControl "180+2"]
[Date "2023.03.21"]
[WhiteClock "0:00:06"]
[BlackClock "0:00:01"]

1. e4 c5 2. Nf3 d6 3. d4 Nf6 4. Nc3 cxd4 5. Nxd4 Nc6 6. Bb5 Bd7 7. Be3 g6 8. f3 Bg7 9. Qd2 h5 10. O-O-O Rc8 11. Kb1 Ne5 12. Be2 Nc4 13. Bxc4 Rxc4 14. h3 h4 15. Rhe1 Rh5 16. Nde2 Ra5 17. Bd4 Be6 18. Nc1 Ra6 19. Nb3 Qc8 20. Qg5 Rac6 21. Qxh4 Rxc3 22. bxc3 a5 23. Nxa5 Rxc3 24. Nb3 Rc4 25. Qf2 Ra4 26. c3 Qc4 27. Qe2 Qc6 28. g4 Bc4 29. Qb2 Bh6 30. Be3 Bxe3 31. Rxe3 Nd7 32. f4 Ra6 33. e5 dxe5 34. fxe5 Nb6 35. Qd2 Nd5 36. Rf3 Qb5 37. Qb2 Kf8 38. e6 f6 39. Qc2 Rxa2 40. Kxa2 Qa4+ 41. Kb2 Qb5 42. Rd4 Nb6 43. Rxc4 Nxc4+ 44. Kc1 Qg5+ 45. Kd1 Ne3+ 46. Rxe3 Qxe3 47. Qd2 Qf3+ 48. Kc2 Kg7 49. Nd4 Qe4+ 50. Qd3 Qg2+ 51. Kb3 Qh1 52. Qb5 Qb1+ 53. Kc4 Qe4 54. Qd7 Kh6 55. Qxe7 b5+ 56. Kb4 Qb1+ 57. Kc5 Qc1 58. Qxf6 Qa3+ 59. Kd5 Qa2+ 60. Kd6 Qa3+ 61. Kd7 Qa7+ 62. Kc6 Qa6+ 63. Kc5 Qa3+ 64. Kxb5 Qb2+ 65. Kc4 Qa2+ 66. Kc5 Qa3+ 67. Kd5 Qa2+ 68. Ke5 Qa5+ 69. Ke4 Qa8+ 70. Ke3 Qb8 71. Nf5+ 1-0


[Site "https://www.chess.com"]

[Event "Titled Tuesday Blitz March 21 Late 2023"]
[White "Deac, Bogdan-Daniel"]
[Black "Ibarra Jerez, Jose Carlos"]
[WhiteFideId "1226380"]
[BlackFideId "2226332"]
[WhiteElo "2649"]
[BlackElo "2638"]
[Result "0-1"]
[Round "10"]
[TimeControl "180+2"]
[Date "2023.03.21"]
[WhiteClock "0:00:06"]
[BlackClock "0:00:29"]

1. h3 d5 2. c4 d4 3. Nf3 Nc6 4. d3 e5 5. g3 Bb4+ 6. Nbd2 a5 7. Bg2 Nf6 8. O-O O-O 9. Ne1 Re8 10. Nc2 Bf8 11. b3 Bf5 12. g4 Bg6 13. Nf3 h6 14. Re1 e4 15. dxe4 Nxe4 16. Nfxd4 Nxd4 17. Qxd4 Bc5 18. Qxd8 Bxf2+ 19. Kf1 Raxd8 20. Bxe4 Bxe4 21. Kxf2 Bxc2 22. Bb2 a4 23. bxa4 Re4 24. c5 Bxa4 25. Rab1 Rd5 26. Rbc1 Rd2 27. Bc3 Rxa2 28. Ra1 Rc2 29. Kf3 Bc6 0-1


[Site "https://www.chess.com"]

[Event "Titled Tuesday Blitz March 21 Late 2023"]
[White "Rustemov, Alexander"]
[Black "Kamsky, Gata"]
[WhiteFideId "4119002"]
[BlackFideId "2000024"]
[WhiteElo "2875"]
[BlackElo "2666"]
[Result "0-1"]
[Round "10"]
[TimeControl "180+2"]
[Date "2023.03.21"]
[WhiteClock "0:00:13"]
[BlackClock "0:00:11"]

1. c4 Nf6 2. Nc3 e5 3. Nf3 Nc6 4. g3 Bb4 5. Nd5 Bc5 6. e3 d6 7. Bg2 a5 8. O-O O-O 9. d3 Ba7 10. Nxf6+ Qxf6 11. Nd2 Qg6 12. Ne4 f5 13. Nc3 Be6 14. Nd5 Rf7 15. Bd2 Raf8 16. f4 Kh8 17. Qf3 Qh6 18. Rae1 Bc8 19. Bc3 Re8 20. h3 Qg6 21. Kh2 Qh6 22. b3 Kg8 23. a3 Kh8 24. b4 g5 25. b5 g4 26. Qf2 Nd8 27. Bxa5 Ne6 28. Bc3 Nc5 29. Qd2 Kg8 30. d4 Ne4 31. Qc2 c6 32. Nb4 exf4 33. exf4 cxb5 34. cxb5 Bd7 35. Qd3 Rc8 36. Bb2 gxh3 37. Bxh3 Rg7 38. Re3 Nf6 39. Kg2 Qg6 40. a4 Bb6 41. d5 Bxe3 42. Qxe3 Re8 43. Qf3 Rge7 44. Rf2 Re3 45. Bd4 Rxf3 46. Rxf3 Ng4 0-1


[Site "https://www.chess.com"]

[Event "Titled Tuesday Blitz March 21 Late 2023"]
[White "Indjic, Aleksandar"]
[Black "Van Foreest, Lucas"]
[WhiteFideId "911925"]
[BlackFideId "1039792"]
[WhiteElo "2614"]
[BlackElo "2519"]
[Result "1/2-1/2"]
[Round "10"]
[TimeControl "180+2"]
[Date "2023.03.21"]
[WhiteClock "0:00:31"]
[BlackClock "0:01:04"]

1. d4 g5 2. Bxg5 Bg7 3. c3 c5 4. dxc5 Na6 5. Be3 Qc7 6. Nd2 Nxc5 7. Bxc5 Qxc5 8. e4 Nf6 9. Ngf3 Ng4 10. Qe2 b6 11. Nb3 Qc7 12. h3 Ne5 13. Nxe5 Bxe5 14. g3 a5 15. a4 Bxc3+ 16. bxc3 Qxc3+ 17. Qd2 Qxb3 18. Bb5 Qe6 19. O-O Qxh3 20. Rac1 Qe6 21. Rfd1 O-O 22. Qg5+ Qg6 23. Qxe7 Bb7 24. Rd6 Qxe4 25. Qg5+ Kh8 26. Qf6+ Kg8 27. Qg5+ Kh8 28. Qf6+ Kg8 29. Qg5+ 1/2-1/2


[Site "https://www.chess.com"]

[Event "Titled Tuesday Blitz March 21 Late 2023"]
[White "Drygalov, Andrey"]
[Black "Alekseenko, Kirill"]
[WhiteFideId "24171735"]
[BlackFideId "4135539"]
[WhiteElo "2471"]
[BlackElo "2683"]
[Result "0-1"]
[Round "10"]
[TimeControl "180+2"]
[Date "2023.03.21"]
[WhiteClock "0:00:01"]
[BlackClock "0:00:58"]

1. d4 d5 2. Nf3 Nf6 3. g3 Nbd7 4. Bg2 Nb6 5. O-O Bf5 6. b3 e6 7. Bb2 h6 8. Nbd2 Be7 9. c4 c6 10. Re1 O-O 11. Ne5 Nbd7 12. Nef3 a5 13. a3 Qb6 14. e3 Rfe8 15. Bc3 Ne4 16. Nxe4 Bxe4 17. Nd2 Bxg2 18. Kxg2 Bf8 19. Qc2 Qa6 20. e4 b5 21. c5 dxe4 22. Nxe4 a4 23. b4 Rad8 24. Rad1 Be7 25. d5 exd5 26. Nd2 Bf6 27. Nf3 Qc8 28. Nd4 Bxd4 29. Bxd4 Rxe1 30. Rxe1 Re8 31. Rxe8+ Qxe8 32. Qf5 Qe6 33. Qf4 f6 34. Kf1 Ne5 35. Kg2 h5 36. h3 Kf7 37. Bc3 Kg6 38. Bd4 Qf5 39. Bxe5 Qxe5 40. Qd2 Qe4+ 41. f3 Qb1 42. g4 h4 43. Qe2 Kf7 44. f4 Qe4+ 45. Qxe4 dxe4 46. Kf2 f5 47. g5 Ke6 48. Ke2 Kd5 49. Ke3 Kc4 0-1


[Site "https://www.chess.com"]

[Event "Titled Tuesday Blitz March 21 Late 2023"]
[White "Maghsoodloo, Parham"]
[Black "Movahed, Sina"]
[WhiteFideId "12539929"]
[BlackFideId "42520835"]
[WhiteElo "2647"]
[BlackElo "2225"]
[Result "1-0"]
[Round "10"]
[TimeControl "180+2"]
[Date "2023.03.21"]
[WhiteClock "0:00:40"]
[BlackClock "0:00:27"]

1. e4 c5 2. Nf3 d6 3. d4 cxd4 4. Nxd4 Nf6 5. Nc3 a6 6. Bg5 e6 7. f4 Be7 8. Qf3 Qc7 9. O-O-O b5 10. a3 Nbd7 11. g4 Bb7 12. Bxf6 Nxf6 13. g5 Nd7 14. h4 O-O-O 15. Kb1 Kb8 16. Rh3 Nb6 17. f5 e5 18. Nb3 Rc8 19. Na5 Ba8 20. Qf2 Rhd8 21. f6 gxf6 22. gxf6 Bf8 23. Rhd3 d5 24. exd5 Nxd5 25. Nxd5 Bxd5 26. Rxd5 Qxa5 27. Rd7 Rxd7 28. Rxd7 Rc7 29. b4 Bxb4 30. Rxc7 Kxc7 31. Qa7+ Kd6 32. Qe7+ Kd5 33. axb4 Qa3 34. Qxf7+ Kd6 35. Qe7+ Kd5 36. Bg2+ Kd4 37. Qc5# 1-0


[Site "https://www.chess.com"]

[Event "Titled Tuesday Blitz March 21 Late 2023"]
[White "Zakhartsov, Vladimir"]
[Black "Martinez Alcantara, Jose Eduardo"]
[WhiteFideId "4145097"]
[BlackFideId "3805662"]
[WhiteElo "2521"]
[BlackElo "2712"]
[Result "1-0"]
[Round "10"]
[TimeControl "180+2"]
[Date "2023.03.21"]
[WhiteClock "0:00:15"]
[BlackClock "0:00:03"]

1. e4 c5 2. Nf3 d6 3. d4 cxd4 4. Nxd4 Nf6 5. Nc3 a6 6. Bg5 Nbd7 7. f4 e6 8. Qf3 Qc7 9. O-O-O Be7 10. g4 h6 11. Bxf6 Bxf6 12. h4 Nf8 13. g5 Be7 14. Kb1 Bd7 15. f5 Qc5 16. g6 fxg6 17. fxe6 Nxe6 18. Nxe6 Bxe6 19. Bh3 Bxh3 20. Qxh3 Qc8 21. Qg2 Qe6 22. Nd5 O-O 23. Nc7 Qe5 24. Nxa8 Bf6 25. c3 Rxa8 26. Qxg6 b5 27. Rd5 Qe6 28. Qf5 Qxf5 29. Rxf5 Re8 30. Rf4 h5 31. Kc2 Kh7 32. Kd3 Kh6 33. Rf5 Be5 34. Rf7 g6 35. Rh3 Rb8 36. Rhf3 b4 37. Ra7 bxc3 38. bxc3 Rc8 39. c4 Rb8 40. Rxa6 Rb1 41. Rh3 Rc1 42. Ra3 Ra1 43. c5 dxc5 44. Kc4 Bd4 45. Kd5 Rd1 46. Rad3 Ra1 47. a3 Bf6 48. e5 Be7 49. Ke6 Bf8 50. Kf7 Bg7 51. e6 c4 52. Rdf3 c3 53. Rhg3 c2 54. Rxg6+ Kh7 55. Rxg7+ Kh6 56. Rf6# 1-0


[Site "https://www.chess.com"]

[Event "Titled Tuesday Blitz March 21 Late 2023"]
[White "Steinberg, Nitzan"]
[Black "Urazayev, Arystanbek"]
[WhiteFideId "2801795"]
[BlackFideId "13709810"]
[WhiteElo "2486"]
[BlackElo "2479"]
[Result "1/2-1/2"]
[Round "10"]
[TimeControl "180+2"]
[Date "2023.03.21"]
[WhiteClock "0:00:06"]
[BlackClock "0:00:09"]

1. d4 Nf6 2. Nf3 e6 3. g3 d5 4. Bg2 Be7 5. O-O O-O 6. c4 c6 7. Qc2 b6 8. Nbd2 c5 9. cxd5 exd5 10. e4 Nc6 11. dxc5 bxc5 12. exd5 Nxd5 13. a3 Be6 14. Re1 Nd4 15. Nxd4 cxd4 16. Qd3 Bf6 17. Ne4 Rb8 18. b4 Nc3 19. Nc5 Bd5 20. Bf4 Rb6 21. Bd2 Bxg2 22. Kxg2 a5 23. Bxc3 dxc3 24. Qxd8 Rxd8 25. Nd7 Rd6 26. Nxf6+ gxf6 27. bxa5 Ra6 28. Re3 Rc8 29. Rc1 c2 30. Re2 Rxa5 31. Rexc2 Rxc2 32. Rxc2 Rxa3 33. Rc4 Kg7 34. Rg4+ Kf8 35. Rh4 Kg7 36. Rg4+ Kf8 37. Rf4 Kg7 38. h4 h5 39. Rf5 Kg6 40. Rf3 Ra2 41. Rf4 Ra1 42. Rd4 Ra2 43. Re4 Ra3 44. Rf4 Ra2 45. Rf3 Ra1 46. Re3 Ra2 47. Kf3 Ra1 48. Re8 Ra3+ 49. Kg2 Kg7 50. Re4 Ra2 51. Rb4 f5 52. Rb6 f6 53. Kf3 Ra4 54. Rb8 Rg4 55. Rb5 Kg6 56. Rd5 Ra4 57. Rd3 Rb4 58. Re3 Rg4 59. Re8 Kg7 60. Re7+ Kg6 61. Re8 Kg7 62. Rb8 Ra4 63. Rb7+ Kg6 64. Rb5 Ra3+ 65. Kf4 Ra4+ 66. Kf3 Ra3+ 67. Kg2 Ra4 68. Rb2 f4 69. Re2 Kf5 70. Re8 Ra3 71. gxf4 Kxf4 72. Rg8 Ra4 73. Rg7 Kf5 74. Kg3 Ra3+ 75. f3 Ra1 76. Kg2 Kf4 77. Rh7 Ra2+ 78. Kh3 Rf2 79. Rxh5 Rxf3+ 80. Kg2 Rg3+ 81. Kf2 Ra3 82. Rh8 f5 83. h5 Ra2+ 84. Ke1 Rh2 85. h6 Kf3 86. h7 f4 87. Kd1 Rh6 88. Kd2 Rd6+ 89. Kc3 Rd7 90. Kc4 Re7 91. Kd5 Ra7 92. Ke6 Ke3 93. Kf6 Kf3 94. Kg6 Ra6+ 95. Kh5 Ra5+ 96. Kh6 Ra6+ 97. Kg5 Ra7 98. Kg6 Ra6+ 99. Kg5 Ra5+ 100. Kg6 Ra6+ 1/2-1/2


[Site "https://www.chess.com"]